 Dungeon Crawl Stone Soup version 0.25-a0-1133-g93ebf739aa (webtiles) character file.

Game seed: 11346392781001790563, levelgen mode: deterministic

176 Wheel the Poker (level 5, -1/41 HPs)
             Began as a Merfolk Gladiator on May 21, 2020.
             Slain by Grinder (6 damage)
             ... on level 3 of the Dungeon.
             The game lasted 00:03:03 (1897 turns).

Wheel the Poker (Merfolk Gladiator)                 Turns: 1897, Time: 00:03:03

Health: -1/41      AC:  4    Str: 15    XL:     5   Next: 56%
Magic:  5/5        EV: 15    Int:  8    God:
Gold:   162        SH:  0    Dex: 15    Spells: 4/4 levels left

rFire    . . .     SeeInvis +   a - +0 trident
rCold    . . .     Gourm    .   (no shield)
rNeg     . . .     Faith    .   b - +0 leather armour
rPois    .         Spirit   .   c - +0 helmet
rElec    .         Reflect  .   (no cloak)
rCorr    .         Harm     .   (no gloves)
MR       .....                  (no boots)
Stlth    ++........             (no amulet)
HPRegen  0.13/turn              g - +4 ring of slaying
MPRegen  0.09/turn              n - ring of see invisible

@: no status effects
A: change form in water, swift swim, stealthy swim
a: no special abilities


You were on level 3 of the Dungeon.
You were not hungry.

You visited 1 branch of the dungeon, and saw 3 of its levels.

You collected 162 gold pieces.

Inventory:

Hand Weapons
 a - a +0 trident (weapon)
Missiles
 d - 3 throwing nets
 r - 17 poisoned darts (quivered)
Armour
 b - a +0 leather armour (worn)
 c - a +0 helmet (worn)
Jewellery
 g - a +4 ring of slaying (left hand)
 n - a ring of see invisible (right hand)
Scrolls
 e - 2 scrolls of teleportation {unknown}
 i - 5 scrolls of identify {unknown}
 l - 2 scrolls of remove curse {unknown}
 o - 2 scrolls of immolation {unknown}
 p - 4 scrolls of magic mapping {unknown}
 t - a scroll of enchant weapon {unknown}
 u - 2 scrolls of enchant armour {unknown}
Potions
 h - 2 potions of brilliance {unknown}
 j - a potion of haste {unknown}
 m - 2 potions of lignification {unknown}
 q - a potion of curing {unknown}
 s - a potion of magic {unknown}
 v - a potion of heal wounds {unknown}
 w - a potion of flight {unknown}
Comestibles
 f - 8 rations
 k - 4 chunks of flesh


   Skills:
 + Level 3.1 Fighting
 * Level 5.9 Polearms
 + Level 2.8 Throwing
 * Level 5.5 Dodging
 + Level 1.8 Stealth


You had 4 spell levels left.
You didn't know any spells.
Your spell library was empty.

Dungeon Overview and Level Annotations

Branches:
Dungeon (3/15)

Altars:
Qazlal
Yredelemnul
Zin

Annotations:
D:3 Grinder


Message History

You hit Grinder.
Grinder is lightly wounded.
Grinder misses you.
You hit Grinder.
Grinder is lightly wounded.
Grinder misses you.
You puncture Grinder!
Grinder is moderately wounded.
Grinder hits you!
You writhe in agony.
You are too injured to fight recklessly!
You are too injured to fight recklessly!
You hit Grinder but do no damage.
Grinder is moderately wounded.
Grinder gestures at you. Pain shoots through your body!
* * * LOW HITPOINT WARNING * * *
You barely miss Grinder.
Grinder is moderately wounded.
Grinder hits you.
You die...

)..÷.≈≈≈≈§.≈..
....§.§§≈≈≈...#
..≈.#≈##≈#....#########.
....#§≈§§+§§§..........
#...#≈_8≈≈§≈.........#
...≈§≈.>≈#§§§........#
..§≈#≈≈≈≈#≈.....?....#
...≈≈#≈##§≈..........#
....§...≈≈≈.....@5...#
......................#
#≈....≈.....≈.......(.#
#...§........#........#
...........[...####...#
###.#######....# ...# #
#.# ##.#.# ..# ###'#####
#.#..# ..# ##......#
#.##.#


You could see Grinder.

Vanquished Creatures
  Natasha (D:3)
  4 gnolls (D:3)
  5 adders
  An ooze (D:2)
  4 worms (D:2)
  A leopard gecko (D:1)
  A giant cockroach (D:1)
  6 hobgoblins
  4 jackals (D:3)
  A quokka (D:3)
  2 ball pythons (D:3)
  12 bats
  5 frilled lizards (D:1)
  5 goblins
  5 kobolds
  5 rats
62 creatures vanquished.

Notes
Turn   | Place    | Note
-------+----------+-------------------------------------------
     0 | D:1      | Wheel the Merfolk Gladiator began the quest for the Orb.
     0 | D:1      | Reached XP level 1. HP: 16/16 MP: 1/1
   247 | D:1      | Reached XP level 2. HP: 22/23 MP: 2/2
   832 | D:2      | Reached XP level 3. HP: 28/28 MP: 3/3
   867 | D:2      | Reached skill level 5 in Polearms
   874 | D:2      | Reached skill level 1 in Stealth
   924 | D:2      | Reached XP level 4. HP: 34/34 MP: 4/4
  1136 | D:2      | Found a basalt altar of Yredelemnul.
  1136 | D:2      | Found a glowing silver altar of Zin.
  1339 | D:3      | Reached skill level 5 in Dodging
  1441 | D:3      | Reached XP level 5. HP: 40/40 MP: 5/5
  1777 | D:3      | Noticed Natasha
  1781 | D:3      | Killed Natasha
  1819 | D:3      | Found a stormy altar of Qazlal.
  1887 | D:3      | Noticed Grinder
  1897 | D:3      | Slain by Grinder

Illustrated notes

Levels and vault maps discovered:
D:1:      mrwooster_arrival_arrow, layout_basic, serial_curves, eino_curves_03,
          eino_curves_04, st_stairs_5, minmay_cut_off
D:2:      layout_basic, amethyst_overflow_temple_binary, chequers_mini_garden,
          minivault_4
D:3:      layout_basic, nicolae_qazlal_general_emergency, uniq_natasha,
          uniq_robin, uniq_grinder

Skill      XL: |  1  2  3  4  5 |
---------------+----------------+-----
Polearms       | 5 |  5.9
Stealth        | 1 |  1.8
Dodging        | 5 |  5.5
Fighting       | 3 |  3.1
Throwing       | |  2.8

Action                   |  1- 3 |  4- 6 || total
-------------------------+-------+-------++-------
Melee: Trident           |    88 |    79 ||   167
Throw: Dart              |       |     7 ||     7
 Stab: Sleeping          |     7 |     1 ||     8
  Eat: Chunk             |       |     3 ||     3
Armor: Leather armour    |    15 |    12 ||    27
Dodge: Dodged            |    56 |    49 ||   105

Table legend:
 A = Non-vault XP
 B = Vault XP
 C = Vault XP percentage of total XP
 D = Non-vault monster count
 E = Vault monster count
 F = Vault count percentage of total count
                 A         B        C        D         E       F
            +---------+---------+-------+---------+---------+-------
      Total |     211 |      41 |  16.3 |      57 |       5 |   8.1
            +---------+---------+-------+---------+---------+-------
        D:1 |      23 |       8 |  25.8 |      17 |       4 |  19.0
        D:2 |      71 |       0 |   0.0 |      19 |       0 |   0.0
        D:3 |     117 |      33 |  22.0 |      21 |       1 |   4.5
            +---------+---------+-------+---------+---------+-------
